Workbook

Sheet Excel Instructions
A1: Excel Instructions
A3: Addition | K3: Calculation: 150 + 350 = 500
B4: 1. Click on the cell where you want to input the answer. | K4: Formula: | L4: =K5+L5
B5: 2. Click '=' key | K5: 150 | L5: 350 | M5: =+K5+L5 -> 500
B6: 3.Click on the cell the first cell you want included in your calculation.
B7: 4. Click '+' key
B8: 5. Repeat steps 3 & 4 until you have included all of the numbers you need in your calculation.
B9: 6. Press Enter.
A11: Subtraction
B12: 1. Click on the cell where you want to input the total. | K12: Calculation: 500 - 350 = 150
B13: 2. Click '=' key | K13: Formula: | L13: =K14-L14
B14: 3.Click on the cell you want included in your calculation. | K14: 500 | L14: 350 | M14: =+K14-+L14 -> 150
B15: 4. Click '-' key
B16: 5. Repeat steps 3 & 4 until you have included all of the numbers you need in your calculation.
B17: 6. Press Enter.
A19: Calculating Percentages
B20: 1. Click on the cell where you want to input the percent. | K20: Calculation: 350/500 =0.7
B21: 2. Click '=' key | K21: Formula: | L21: =K22/L22
B22: 3. Click on the cell containing the number that is the numerator of the equation | K22: 350 | L22: 500 | M22: =K22/L22 -> 0.7
B23: 4. Click on the divide key.
B24: 5.Click on the cell containing the number that is the denominoator of the equation.
B25: 6. Press enter.
B26: 7. To convert the number to a percent with one decimal: | K26: 350 | L26: 500 | M26: =K26/L26 -> 0.7
B27: 8.Click on the cell with the number you want to convert to a percent with one decimal.
B28: 9.In the tool bar, go to the Number functions box. Click on the perecent symbol.
B29: 10.To add one decimal, in the Number functions box on the tool bar, click on the increase decimal icon.

Sheet Step 1
A1: Financial Analysis Project Step 1: Get to Know Your Company
A3: Your Name: | B3: Devon Wild
A5: Company Name: | B5: Target
A7: Company Information:
A8: Name of Chief Executive Officer | B8: Brian Cornell | F8: Hint: Found in the Annual Letter to the Stockholders
A9: Home Office Location | B9: Minnesota | F9: Hint: Found on the cover of the Annual 10K report following the Letter to the Stockholders
A10: Ending Date of latest fiscal year | B10: 43862 | F10: Hint: Found on the cover of the Annual 10K report following the Letter to the Stockholders
A11: Most recently published Annual Report | B11: 2020 | F11: Hint: Found on the cover of the Annual 10K report following the Letter to the Stockholders
A12: Main geographic area of activity | B12: Within the U.S. | F12: Hint: Found in the Business Section of the Annual 10K
A13: Name of independent accountants | B13: Ernst & Young LLP | F13: Hint: Found in the Report of Independent Registered Public Accounting Firm. This letter is typically found in the annual report. right before the financial statements.
A14: Auditor's opinion on latest fiscal year's financial information | B14: The financial statements present fairly, in all material respects, the financial position of the company and it is in conformity with U.S. generally accepted accounting principles
A16: Write a paragraph describing the company's principle products or services | B16: The company core business is the selling og general merchandise and food. Theedited food assortment includes the perishables, dry grocery frozen items and dairy. | M16: Hint: Found in the Business Section of the Annual 10K
A18: Company Stock Information
A19: What is the stock's trading symbol? | B19: TGT | F19: Hint: Found on the cover of the Annual 10K report following the Letter to the Stockholders
A20: On which exchange is the stock traded? | B20: New York Stock Exchange | F20: Hint: Found on the cover of the Annual 10K report following the Letter to the Stockholders
A21: What is the current stock price? | B21: 156.62 | F21: Hint: Found on Nasdaq or Yahoo Finance
A22: What is today's date? | B22: =TODAY() -> 44140
A23: Over the last 12 months (52 Week Range)
A24: What is the stock's high price? | B24: 167.42 | F24: Hint: Found on Nasdaq or Yahoo Finance
A25: What is the stock's low price? | B25: 90.17 | F25: Hint: Found on Nasdaq or Yahoo Finance
A26: Average Volume of shares traded dailey? | B26: 4035006 | F26: Hint: Found on Nasdaq or Yahoo Finance
A27: What was the amount of the last dividend paid? | B27: 0.68 | F27: Hint: Found on Nasdaq/Dividend History. Make sure you use the amount of the last dividend paid!
A30: Company Plans
A31: Write a paragraph describing one or two of the company's achievements discussed in the letter to the shareholders. (Hint: Found in the letter to the Stockholders) | B31: The company has established many shops according to its plans and has managed to go online. In addition, the company now fully utiizes social media in its marketing effort. Additionally, the company has managed to constantly reward shareholders with increasing divident
A32: Write a paragraph describing the company's goals and the company's plans to reach those goals. (Hint: Found in the letter to the Stockholders) | B32: To remain competetive in the market and provide quality products to its customers. In addition, the company is aiming at expaning its revenue base and intent to explore maximumly online shopping.
A33: List the company's top 3 risks and what the company is doing to reduce the risks? (Hint: This information can be found in Risk Factors section of the annaul report. This section usually follows the Business section of the annual report.) | B33: 1. The liquidity Risk 2. Legal risk 3.Busines risk
A39: Industry
A40: This company is in which sector/industry? | B40: Discount Stores | F40: Hint: Look on Nasdaq, Summary Data.
A41: List three other companies you would consider to be a competitor for this company. | B41: Walmart Costco and Amazon
A42: List two or three major issues facing the industry. | B42: Online Shopping , Environmental Awareness and the Covid19 pandemic
A43: Write a short paragraph describing the industry's future outlook. | B43: Due to the increased connectivity of internet , The industry future looks bright due to online shopping. Additionally, On the short term, Covid pandemic has increased the industry revenue due to customer preference on the online purchasing.

Sheet Step 2
A1: Financial Analysis Project Step 2: Comparative Common-Size Income Statement
A2: Company Name: | B2: Target
A4: Income Statement Analysis
A5: For your company, input the Statement of Income for the three years listed on the annual report. Then prepare a comparative common size trend report for the three years presented in the annual report. Use net sales/Revenues as your base number. Be sure to include a gross profit line after your cost of goods sold/cost of sales if the company's income statement does not list a gross profit.
A6: Income Statement From the Annual Report: | E6: Comparative Common-Size Income Statement:
A8: US$ in millions
A9: 12 months ended: | B9: 2019 | C9: 2018 | D9: 2017 | E9: 2019 | F9: 2018 | G9: 2017
A10: Sales | B10: 77130 | C10: 74433 | D10: 71879 | E10: =B10/B10 -> 1 | F10: =C10/C10 -> 1 | G10: =D10/D10 -> 1
A11: Cost of sales | B11: -54864 | C11: -53299 | D11: -51125 | E11: =-B11/B10 -> 0.71131855 | F11: =-C11/C10 -> 0.7160668 | G11: =-D11/D10 -> 0.71126476
A12: Gross margin | B12: 22266 | C12: 21134 | D12: 20754 | E12: =B12/$B$10 -> 0.28868145 | F12: =C12/$B$10 -> 0.27400493 | G12: =D12/$B$10 -> 0.26907818
A13: Other revenue | B13: 982 | C13: 923 | D13: 0 | E13: =B13/$B$10 -> 0.012731752 | F13: =C13/$B$10 -> 0.011966809 | G13: =D13/$B$10 -> 0
A14: Selling, general and administrative expenses | B14: -16233 | C14: -15723 | D14: -14248 | E14: =-B14/$B$10 -> 0.21046285 | F14: =-C14/$B$10 -> 0.20385064 | G14: =-D14/$B$10 -> 0.18472708
A15: Depreciation and amortization, exclusive of depreciation included in cost of sales | B15: -2357 | C15: -2224 | D15: -2194 | E15: =-B15/$B$10 -> 0.030558797 | F15: =-C15/$B$10 -> 0.028834435 | G15: =-D15/$B$10 -> 0.028445482
A16: Gain on sale | B16: 0 | C16: 0 | D16: 0 | E16: =-B16/$B$10 -> 0 | F16: =-C16/$B$10 -> 0 | G16: =-D16/$B$10 -> 0
A17: Operating income | B17: 4658 | C17: 4110 | D17: 4312 | E17: =B17/$B$10 -> 0.060391547 | F17: =C17/$B$10 -> 0.053286659 | G17: =D17/$B$10 -> 0.055905614
A18: Net interest expense | B18: -477 | C18: -461 | D18: -666 | E18: =-B18/$B$10 -> 0.0061843641 | F18: =-C18/$B$10 -> 0.0059769221 | G18: =-D18/$B$10 -> 0.0086347725
A19: Net other income (expense) | B19: 9 | C19: 27 | D19: 0 | E19: =-B19/$B$10 -> -0.00011668611 | F19: =-C19/$B$10 -> -0.00035005834 | G19: =-D19/$B$10 -> 0
A20: Earnings from continuing operations before income taxes | B20: 4190 | C20: 3676 | D20: 3646 | E20: =B20/$B$10 -> 0.054323869 | F20: =C20/$B$10 -> 0.047659795 | G20: =D20/$B$10 -> 0.047270841
A21: Provision for income taxes | B21: -921 | C21: -746 | D21: -718 | E21: =-B21/$B$10 -> 0.011940879 | F21: =-C21/$B$10 -> 0.0096719824 | G21: =-D21/$B$10 -> 0.0093089589
A22: Net earnings from continuing operations | B22: 3269 | C22: 2930 | D22: 2928 | E22: =B22/$B$10 -> 0.04238299 | F22: =C22/$B$10 -> 0.037987813 | G22: =D22/$B$10 -> 0.037961883
A23: Discontinued operations, net of tax | B23: 12 | C23: 7 | D23: 6 | E23: =-B23/$B$10 -> -0.00015558149 | F23: =-C23/$B$10 -> -9.0755867e-05 | G23: =-D23/$B$10 -> -7.7790743e-05
A24: Net earnings (loss) | B24: 3281 | C24: 2937 | D24: 2934 | E24: =B24/$B$10 -> 0.042538571 | F24: =C24/$B$10 -> 0.038078569 | G24: =D24/$B$10 -> 0.038039673

Sheet Step 3
A1: Financial Analysis Project Step 3: Analyze the Income Statement
A2: Company Name:
A4: Income Statement Analysis
A5: Using the comparative common size trend report created in step 2, answer the following questions:
A7: What trend do you see with Net Sales/Revenues? | C7: The revenue increasing consistently over the last three years in question.
A9: What trend do you see with Cost of Goods Sold/Sales? | C9: The cost of good sold has remain almost constant over the period and only recorded a slight increase in 2019
A11: What trends do you see in Gross Profit? Is the change in gross profit due to change in revenue or cost of goods sold? | C11: The gross profit remain constant from 2018 to 2019 at 27% and increased slighly in 2020 by 2%
A13: What trends do you see in the company's expenses? How are the expense trends impacting operating Income? | C13: The company expenses remain fairly constant during the period.
A14: Net Income
A15: What trends do you see in Net Income? Looking over the answers to your questions above, what factor is contributing the most to the change in net income; revenue, cost of goods sold, or changes in operating expenses? | C15: Interestingly, the net income remained constant from 2018 to 2020 financial year.
A18: Do the changes you see in the income statement support the plans the company has for the future? Do you think the changes shoul be of concern to the investors? | B18: The company has a duty to aximize shareholders wealth. Althugh the company recorded increasing revenue over the three years, the net income available to shareholders remaind the same. These facts should concern the investors in terms of the abilty of the company to generate ore wealth to them.

Sheet Step 4
A1: Financial Analysis Project Step 4: Comparative Common-Size Balance Sheet
A2: Company Name: | B2: Target Corp
A4: Balance Sheet Analysis
A5: For your company, prepare a comparative common size trend report for the two years presented in the annual report. Use Total Assets as your base number.
A7: Balance Sheet from Annual Report | F7: Comparative Common-Size Balance Sheet
A8: Assets | B8: 2019 | C8: 2018 | F8: 2019 | G8: 2018
A9: Cash and cash equivalents | B9: 2577 | C9: 1556 | F9: =B9/$B$23 -> 0.060371082 | G9: =C9/$C$23 -> 0.037684669
A10: Inventory | B10: 8899 | C10: 9497 | F10: =B10/$B$23 -> 0.20847585 | G10: =C10/$C$23 -> 0.23000727
A11: Other current assets | B11: 1333 | C11: 1466 | F11: =B11/$B$23 -> 0.031228037 | G11: =C11/$C$23 -> 0.035504965
A12: Total current assets | B12: =SUM(B9:B11) -> 12809 | C12: =SUM(C9:C11) -> 12519 | F12: =B12/$B$23 -> 0.30007497 | G12: =C12/$C$23 -> 0.3031969
A13: Property and equipment | F13: =B13/$B$23 -> 0 | G13: =C13/$C$23 -> 0
A14: Land | B14: 6036 | C14: 6064 | F14: =B14/$B$23 -> 0.14140468 | G14: =C14/$C$23 -> 0.14686365
A15: Buildings and improvements | B15: 30603 | C15: 29240 | F15: =B15/$B$23 -> 0.71693295 | G15: =C15/$C$23 -> 0.70816178
A16: Fixtures and equipment | B16: 6083 | C16: 5912 | F16: =B16/$B$23 -> 0.14250574 | G16: =C16/$C$23 -> 0.14318237
A17: Computer hardware and software | B17: 2692 | C17: 254 | F17: =B17/$B$23 -> 0.063065174 | G17: =C17/$C$23 -> 0.0061516106
A18: Construction-in-progress | B18: 533 | C18: 460 | F18: =B18/$B$23 -> 0.01248653 | G18: =C18/$C$23 -> 0.011140712
A19: Accumulated depreciation | B19: -19664 | C19: -18687 | F19: =B19/$B$23 -> -0.46066626 | G19: =C19/$C$23 -> -0.45257932
A20: Property and equipment, net | B20: =SUM(B14:B19) -> 26283 | C20: =SUM(C14:C19) -> 23243 | F20: =B20/$B$23 -> 0.61572881 | G20: =C20/$C$23 -> 0.5629208
A21: Operating lease assets | B21: 2236 | C21: 1965 | F21: =B21/$B$23 -> 0.052382514 | G21: =C21/$C$23 -> 0.047590216
A22: Other noncurrent assets | B22: 1358 | C22: 1273 | F22: =B22/$B$23 -> 0.031813709 | G22: =C22/$C$23 -> 0.03083071
A23: Total assets | B23: =B12+B20+B21+B22 -> 42686 | C23: 41290 | F23: =B23/$B$23 -> 1 | G23: =C23/$C$23 -> 1
A24: Liabilities and shareholders' investment
A25: Accounts payable | B25: 9920 | C25: 9761 | F25: =B25/$B$40 -> 0.23188948 | G25: =C25/$C$40 -> 0.23640107
A26: Accrued and other current liabilities | B26: 4406 | C26: 4201 | F26: =B26/$B$40 -> 0.10299446 | G26: =C26/$C$40 -> 0.10174376
A27: Current portion of long-term debt and other borrowings | B27: 161 | C27: 1052 | F27: =B27/$B$40 -> 0.0037635288 | G27: =C27/$C$40 -> 0.025478324
A28: Total current liabilities | B28: =SUM(B25:B27) -> 14487 | C28: =SUM(C25:C27) -> 15014 | F28: =B28/$B$40 -> 0.33864747 | G28: =C28/$C$40 -> 0.36362315
A29: Long-term debt and other borrowings | B29: 11338 | C29: 10223 | F29: =B29/$B$40 -> 0.26503658 | G29: =C29/$C$40 -> 0.24759022
A30: Noncurrent operating lease liabilities | B30: 2275 | C30: 2004 | F30: =B30/$B$40 -> 0.053180299 | G30: =C30/$C$40 -> 0.048534754
A31: Deferred income taxes | B31: 1122 | C31: 972 | F31: =B31/$B$40 -> 0.026227822 | G31: =C31/$C$40 -> 0.023540809
A32: Other noncurrent liabilities | B32: 1724 | C32: 1780 | F32: =B32/$B$40 -> 0.040300147 | G32: =C32/$C$40 -> 0.043109712
A33: Total noncurrent liabilities | B33: =SUM(B29:B32) -> 16459 | C33: =SUM(C29:C32) -> 14979 | F33: =B33/$B$40 -> 0.38474485 | G33: =C33/$C$40 -> 0.36277549
A34: Shareholders' investment | F34: =B34/$B$40 -> 0 | G34: =C34/$C$40 -> 0
A35: Common stock | B35: 42 | C35: 43 | F35: =B35/$B$40 -> 0.00098179013 | G35: =C35/$C$40 -> 0.0010414144
A36: Additional paid-in capital | B36: 6226 | C36: 6042 | F36: =B36/$B$40 -> 0.1455387 | G36: =C36/$C$40 -> 0.14633083
A37: Retained earnings | B37: 6433 | C37: 6017 | F37: =B37/$B$40 -> 0.15037752 | G37: =C37/$C$40 -> 0.14572536
A38: Accumulated other comprehensive loss | B38: -868 | C38: -805 | F38: =B38/$B$40 -> -0.020290329 | G38: =C38/$C$40 -> -0.019496246
A39: Total shareholders' investment | B39: =SUM(B35:B38) -> 11833 | C39: =SUM(C35:C38) -> 11297 | F39: =B39/$B$40 -> 0.27660768 | G39: =C39/$C$40 -> 0.27360136
A40: Total liabilities and shareholders' investment | B40: =B28+B33+B39 -> 42779 | C40: =C28+C33+C39 -> 41290 | F40: =B40/$B$40 -> 1 | G40: =C40/$C$40 -> 1

Sheet Step 5
A1: Financial Analysis Project Step 5: Analyze the Balance Sheet
A2: Using the common trend analysis you created in step 3, answer the following questions.
A5: Looking at the asset section of your balance sheet, list two accounts that have changed from year to year. | B5: Inventory and Building and Improvements
A7: Looking at the liability section of your balance sheet, discuss two changes you observe. | B7: Current portion of long-term debt and other borrowings has reduced drastically and this can be attributed to the payment of the prncipal loan over the year. Defered income taxes has also increased.
A9: Current Assets and Liabilities Analysis:
A11: Years: | C11: 2019 | D11: 2018
A12: Total Current Assets | C12: ='Step 4'!B12 -> 12809 | D12: ='Step 4'!C12 -> 12519
A13: Total Current Liabilities | C13: ='Step 4'!B28 -> 14487 | D13: ='Step 4'!C28 -> 15014
A14: Working Capital | C14: =C12-C13 -> -1678 | D14: =D12-D13 -> -2495
A15: Currant Ratio | C15: =C12/C13 -> 0.88417202 | D15: =D12/D13 -> 0.83382177
A18: Looking at your common size trend analysis, what changes do you see that contribute to the changes in the currant ratio and working capital? | B18: Change in inventory and cash and cah equivalent contributes to the changes of both the working capital which affects the current ratio

Sheet Step 6
A1: Financial Analysis Project Step 6: Analyze the Statement of Cash Flow
A2: Review your company's Statement of Cash Flow and answer the following questions:
A5: Has the company's balance in cash increased or decreased over the last two years? (Hint: Look at the Cash and Cash Equivalents at end of year) | B5: the campany balance in cash has increased significantly in 2020 as noted by cash and cash equivalent in the balance sheet and cashflow statement.
A7: Compare net income to cash flows from operations. Are cash flows from operations more or less than net income? | B7: The net income is less than the cash flow provided by the operation as expected.This is because, the net income incoporates all the companies expenses incured in a given financial year.On the contrally, cash provided by operating activities incoporates changes in the current assets and liabilities.
A9: Review the cash flows from investing activities. What is the company investing in? | B9: Over the last three years, the company has focused investing significantly and the property and equipment.
A11: Review the cash flows from financing activities. What are the company's more important sources of financing? | B11: Long term debt appears to be one of the companys source of financing.However, the said source is not significant and does not appear in all the three years. As such, one might cconcluding that the company significnlty finances its operation through th retained earnings

Sheet Step 7
A1: Financial Analysis Project Step 7: Note to the Financial Statements
A3: Review your company's notes to the financial statements. List the first 6 topics. Hint: The notes to the financial statements are listed after the financial statements in the annual report.
A4: 1. Summary of Accounting Policies 2. Revenues 3. Cost of Sales and Selling, General and Administrative Expenses 4. Consideration Received from Vendors 5. Advertising Costs 6. Fair Value Measurements

Sheet Step 8
A1: Financial Analysis Project Step 8: Financial Ratio Information
A3: Using the information from Step 2 and Step 4, find the following information:
A5: Income Statement (Consolidated Statement of Earnings)
B6: 2019 | C6: 2018
A7: Total Net Sales (Revenues) | B7: ='Step 2'!B10 -> 77130 | C7: ='Step 2'!C10 -> 74433
A8: Cost of Goods Sold (Cost of Sales) | B8: ='Step 2'!B11 -> -54864 | C8: ='Step 2'!C11 -> -53299
A9: Interest Expense | B9: ='Step 2'!B18 -> -477 | C9: ='Step 2'!C18 -> -461
A10: Income before interest expense and income taxes | B10: ='Step 2'!B17 -> 4658 | C10: ='Step 2'!C17 -> 4110
A11: Net income | B11: ='Step 2'!B24 -> 3281 | C11: ='Step 2'!C24 -> 2937
A13: Balance Sheet (Consoldiated Statement of Position) | B13: 2019 | C13: 2018
A14: Accounts Receivable, net | B14: 0 | C14: 0
A15: Inventory | B15: ='Step 4'!B10 -> 8899 | C15: ='Step 4'!C10 -> 9497 | D15: =AVERAGE(B15:C15) -> 9198
A16: Total assets | B16: ='Step 4'!B23 -> 42686 | C16: ='Step 4'!C23 -> 41290 | D16: =AVERAGE(B16:C16) -> 41988
A17: Total liabilities | B17: =SUM('Step 4'!B28+'Step 4'!B33) -> 30946 | C17: =SUM('Step 4'!C28+'Step 4'!C33) -> 29993 | D17: =AVERAGE(B17:C17) -> 30469.5
A18: Total equity | B18: ='Step 4'!B39 -> 11833 | C18: ='Step 4'!C39 -> 11297 | D18: =AVERAGE(B18:C18) -> 11565
A20: Equity Information
A21: Earnings Per Share (basic) | B21: 6.42 | C21: 5.55
A22: Current stock price (Look on the internet) | B22: 156.62 | C22: NA
A23: Annual Dividends (look on the internet if not on financials) | B23: 2.72 | C23: NA

Sheet Step 9
A1: Financial Analysis Project Step 9: Financial Ratio Calculation and Analysis
A2: Efficiency Ratios
B3: Using the numbers from Step 8, calculate the below ratios. For the ratio calculation, be sure to show your calculation as well as your answer for partial credit. For each ratio, write a sentence or two explaining what the ratio is telling you about the company.
C5: Ratio calculation | G5: What is the ratio telling you about the company?
A6: 1 | B6: Accounts Receivable Turnover | G6: Not apicable.Absense of account receivable which means the comoany sells on the cash basis
A11: 2 | B11: Inventory Turnover | C11: ='Step 8'!B7/'Step 8'!D15 -> 8.3855186 | G11: The company has a lower inventory turnover ratio which means lower sales
A16: 3 | B16: Day's Sales Uncollected | G16: Not applicable-Absense of accout receivable which means the company sells on th cash basis
A21: 4 | B21: Day's Sales in inventory | C21: =('Step 8'!B15/-'Step 8'!C8)*365 -> 60.941763 | G21: The company takes approximately 61 days to convert inveotory into sales
A26: 5 | B26: Total Asset Turnover | C26: ='Step 8'!B7/'Step 8'!D16 -> 1.8369534 | G26: The company is not effectiveky and efficiently utilizing its assets as this ratio is below the recomned level of 2.5
A29: Solvency Ratios
A30: 6 | B30: Debt Ratio | C30: ='Step 8'!B17/'Step 8'!B16 -> 0.72496837 | G30: This means around 72% of the company operation is fianced by debt.
A36: 7 | B36: Equity Ratio | C36: ='Step 8'!B18/'Step 8'!B16 -> 0.27721033 | G36: A this means 28 percent of the asset are owned by the shareholders
A41: 8 | B41: Debt-to-Equity Ratio | C41: ='Step 8'!B17/'Step 8'!B18 -> 2.6152286 | G41: This means the company is highly leveraged.
A46: 9 | B46: Times Interest Earned | C46: ='Step 8'!B10/-'Step 8'!B9 -> 9.7651992 | G46: This shows that the company has the ability to pay for its interst espense.
A49: Profitability Ratios
A50: 10 | B50: Profit Margin Ratio | C50: ='Step 8'!B11/'Step 8'!B7 -> 0.042538571 | G50: The profit is 4.25 of the sales
A55: 11 | B55: Return on total assets | C55: ='Step 8'!B11/'Step 8'!B16 -> 0.076863609 | G55: In every dollar invested in the asset generate 7.69 percent of the net income
A58: Market Prospects
A59: 12 | B59: Price Earnings Ratio | C59: ='Step 8'!B22/'Step 8'!B21 -> 24.395639 | G59: The company stock is trading at about 24 times its earning
A65: 13 | B65: Dividend Yield | C65: ='Step 8'!B23/'Step 8'!B22 -> 0.017366875 | G65: The firms pays dividends about 2 percent of its share price

Sheet Step 10
A1: Financial Analysis Project Step 10: Final Thoughts
A2: Question 1: | B2: List three things you learned about your company during this project: 1: The company does not sale on account 2. The company is highly leverage and but its able to meet interest onligations 3.The company faces competition form companis like amazon.
A24: Question 2: | B24: Would you buy stock in this company? Why or why not? Taget has consistenly paid divident over the years.Additionally, its sales shows growth trend .This reasons amaong other will make me investin this company
